 Dungeon Crawl Stone Soup version 0.23.2-1-ga50397a6bc (webtiles) character file.

Game seed: 17087613542272486940

899 KamiKatze the Chopper (level 8, -1/52 HPs)
             Began as a Gargoyle Berserker on May 30, 2019.
             Was an Elder of Trog.
             Slain by a wyvern (5 damage)
             ... on level 5 of the Dungeon.
             The game lasted 00:10:24 (3931 turns).

KamiKatze the Chopper (Gargoyle Berserker)          Turns: 3931, Time: 00:10:25

Health: -1/52      AC: 11    Str: 23    XL:     8   Next: 7%
Magic:  8/8        EV: 11    Int:  8    God:    Trog [****..]
Gold:   237        SH:  0    Dex:  9    Spells: 7/7 levels left

rFire    . . .     SeeInvis .   a - +1 hand axe
rCold    . . .     Gourm    .   (no shield)
rNeg     + . .     Faith    .   h - +0 ring mail
rPois    ∞         Spirit   .   (no helmet)
rElec    +         Reflect  .   (no cloak)
rCorr    .         Harm     .   (no gloves)
MR       ++...     Rnd*Tele +   (no boots)
Stlth    +.........             (no amulet)
HPRegen  1.17/turn              d - ring of teleportation (curse)
MPRegen  0.11/turn              g - ring of stealth

@: regenerating
A: negative energy resistance 1, electricity resistance, unbreathing,
petrification resistance, rot immunity, AC +5
a: Berserk, Trog's Hand, Brothers in Arms, Renounce Religion


You were on level 5 of the Dungeon.
You worshipped Trog.
Trog was greatly pleased with you.
You were hungry.

You visited 1 branch of the dungeon, and saw 5 of its levels.

You collected 237 gold pieces.

Inventory:

Hand Weapons
 a - a +1 hand axe (weapon)
 b - a +0 hunting sling
 v - a +0 broad axe
Missiles
 e - 15 tomahawks (quivered)
 k - 80 stones
 m - 19 poisoned needles
Armour
 h - a +0 ring mail (worn)
 q - a +0 ring mail
Jewellery
 d - a cursed ring of teleportation (left hand)
 g - a ring of stealth (right hand)
 j - an uncursed ring of ice
 u - a +4 ring of strength {unknown}
Wands
 n - a wand of scattershot (5)
 y - a wand of iceblast (6)
Scrolls
 f - 2 scrolls of identify
 p - 3 scrolls of enchant weapon
 s - a scroll of fog
 t - a scroll of teleportation
 A - a scroll of remove curse {unknown}
Potions
 i - 3 potions of curing
 l - a potion of cancellation {unknown}
 o - 2 potions of agility {unknown}
 r - a potion of heal wounds {unknown}
 x - a potion of brilliance {unknown}
 z - a potion of resistance {unknown}
Comestibles
 c - 10 rations
 w - 2 chunks of flesh


   Skills:
 + Level 6.4 Fighting
 * Level 7.2 Axes
 - Level 2.1 Armour
 - Level 1.5 Dodging


You had 7 spell levels left.
You didn't know any spells.
Your spell library was empty.

Dungeon Overview and Level Annotations

Branches:
Dungeon (5/15)
 Temple: D:4-7

Altars:
Ashenzari
Vehumet
Wu Jian
Xom

Annotations:
D:5 exclusion: statue


Innate Abilities, Weirdness & Mutations

You are resistant to torment.
Your stone body is resilient. (AC +5)
You are immune to poison.
You resist negative energy. (rN+)
You are resistant to electric shocks. (rElec)
You can survive without breathing.
You are immune to petrification.
You are immune to rotting.


Message History

No target in view!
You feel strangely unstable.
You are suddenly yanked towards a nearby monster!
Your surroundings suddenly seem different.
The wyvern bites you!
Found a stone staircase leading down.
A wyvern comes into view.
There isn't anything here!
You are too injured to fight recklessly!
You are too injured to fight recklessly!
You are too injured to fight recklessly!
You are too injured to fight recklessly!
You barely miss the wyvern. The wyvern bites you!
* * * LOW HITPOINT WARNING * * *
You closely miss the wyvern.
You hear the brisk hiss of an avalanche of sand nearby.
The wyvern bites you!
* * * LOW HITPOINT WARNING * * *
The wyvern bites you.
You die...

## #. ##
##>##.##
..##......##
...........#
.......@l#
.##.##..##
....#
.......
#..##.##. ##
#. .# .. ..
### ..


You could see a wyvern.

Vanquished Creatures
  Grinder (D:5)
  2 ogres
  A crimson imp (D:5)
  2 hounds
  A gnoll shaman (D:5)
  An orc wizard (D:3)
  Ijyb (D:5)
  A worker ant (D:5)
  An iguana (D:5)
  3 gnolls (D:5)
  15 adders
  A river rat (D:3)
  2 shadow imps (D:5)
  4 worms
  2 dart slugs
  7 leopard geckos
  7 orcs
  6 giant cockroaches
  9 goblins
  12 hobgoblins
  11 jackals
  5 kobolds
  2 ball pythons
  9 bats
  4 frilled lizards
  A quokka skeleton (D:4)
  10 rats
121 creatures vanquished.

Notes
Turn   | Place    | Note
-------+----------+-------------------------------------------
     0 | D:1      | KamiKatze the Gargoyle Berserker began the quest for the
                  | Orb.
     0 | D:1      | Reached XP level 1. HP: 14/14 MP: 1/1
   122 | D:1      | Reached skill level 3 in Axes
   126 | D:1      | Reached XP level 2. HP: 12/19 MP: 2/2
   525 | D:1      | Reached XP level 3. HP: 24/24 MP: 3/3
   642 | D:2      | Reached ** piety under Trog
   769 | D:2      | Reached XP level 4. HP: 29/29 MP: 4/4
   803 | D:2      | Reached skill level 4 in Axes
  1272 | D:2      | Found a shattered altar of Ashenzari.
  1429 | D:3      | Reached XP level 5. HP: 34/34 MP: 5/5
  1543 | D:3      | Reached *** piety under Trog
  1812 | D:3      | Reached skill level 5 in Axes
  1844 | D:3      | Reached XP level 6. HP: 23/40 MP: 6/6
  2170 | D:3      | Reached skill level 5 in Fighting
  3385 | D:4      | Found a sparkling altar of Nemelex Xobeh.
  3387 | D:4      | Found a burning altar of Makhleb.
  3387 | D:4      | Found a snail-covered altar of Cheibriados.
  3389 | D:4      | Found an iron altar of Okawaru.
  3389 | D:4      | Found an iron altar of Okawaru.
  3389 | D:4      | Found a shimmering altar of Xom.
  3636 | D:5      | Entered Level 5 of the Dungeon
  3666 | D:5      | Reached XP level 7. HP: 42/44 MP: 7/7
  3690 | D:5      | Reached skill level 6 in Axes
  3705 | D:5      | Noticed Ijyb
  3707 | D:5      | Found a radiant altar of Vehumet.
  3721 | D:5      | Reached **** piety under Trog
  3738 | D:5      | Killed Ijyb
  3783 | D:5      | Found an ornate altar of the Wu Jian Council.
  3897 | D:5      | Noticed Grinder
  3924 | D:5      | Killed Grinder
  3924 | D:5      | Reached skill level 7 in Axes
  3924 | D:5      | Reached XP level 8. HP: 29/52 MP: 8/8
  3930 | D:5      | Noticed a wyvern
  3931 | D:5      | Slain by a wyvern

Skill      XL: |  1  2  3  4  5  6  7 |
---------------+----------------------+-----
Axes           | 3 4 5 7 |  7.2
Fighting       | 4 5 6 |  6.4
Armour         | |  2.1
Dodging        | |  1.5

Action                   |  1- 3 |  4- 6 |  7- 9 || total
-------------------------+-------+-------+-------++-------
Melee: Hand axe          |    97 |   260 |    76 ||   433
Invok: Berserk           |       |     2 |     1 ||     3
       Trog's Hand       |       |       |     2 ||     2
  Use: Scroll            |     1 |     4 |       ||     5
 Stab: Sleeping          |     1 |     4 |       ||     5
  Eat: Chunk             |       |    11 |     2 ||    13
Armor: Animal skin       |    14 |       |       ||    14
       Ring mail         |    39 |   122 |    55 ||   216
Dodge: Dodged            |    76 |   163 |    54 ||   293
